 Dungeon Crawl Stone Soup version 0.17.1-3-g152610e (webtiles) character file.

345 dearth the Sneak (level 6, 0/28 HPs)
             Began as a Spriggan Enchanter on Feb 26, 2016.
             Was an Initiate of Ashenzari.
             Drowned by a drowned soul (2 damage)
             ... summoned by a malarious merfolk avatar
             ... in a sewer.
             The game lasted 00:25:00 (5622 turns).

dearth the Sneak (Spriggan Enchanter)               Turns: 5622, Time: 00:25:00

Health: 0/28       AC:  7    Str:  4    XL:     6   Next: 32%
Magic:  1/13       EV: 20    Int: 18    God:    Ashenzari [......]
Gold:   213        SH:  0    Dex: 17    Spells: 4 memorised, 4 levels left

rFire  . . .     SeeInvis +     a - +1 dagger
rCold  . . .     Clarity  .     b - +1 robe
rNeg   . . .     SustAt   .     (shield restricted)
rPois  .         Gourm    .     (helmet restricted)
rElec  .         Spirit   .     (no cloak)
rCorr  .         Warding  .     (gloves unavailable)
rMut   .         Stasis   .     (boots unavailable)
MR     +....                    (no amulet)
Stlth  ++........               (no ring)
                                i - +4 ring of protection

@: mesmerised, very slightly contaminated, very quick, somewhat resistant to
hostile enchantments, unstealthy
A: unfitting armour, see invisible, herbivore 3, speed 3, slow metabolism 2
a: Renounce Religion


You were in a sewer.
You worshipped Ashenzari.
Ashenzari was noncommittal.
You were not hungry.

You visited 2 branches of the dungeon, and saw 5 of its levels.
You also visited: Sewer.

You collected 213 gold pieces.

Inventory:

Hand Weapons
 a - a +1 dagger (weapon)
Missiles
 e - 53 stones (quivered)
Armour
 b - a +1 robe (worn)
Jewellery
 i - a +4 ring of protection (left hand)
Wands
 s - a wand of flame (28)
 v - a wand of frost (15)
Scrolls
 g - 2 scrolls of identify {unknown}
 h - 3 scrolls of teleportation
 m - 3 scrolls of remove curse
 q - 2 scrolls of fear {unknown}
 r - 2 scrolls of enchant weapon {unknown}
 t - a scroll of magic mapping {unknown}
 u - a scroll of blinking {unknown}
Potions
 f - a potion of magic {unknown}
 j - 4 potions of flight
 k - 2 potions of haste {unknown}
 l - a potion of invisibility {unknown}
 n - 3 potions of curing {unknown}
 o - a potion of agility {unknown}
 p - a potion of brilliance {unknown}
 w - a potion of degeneration {unknown}
Books
 c - a book of Maledictions

   Spells                             Type                      Level
   a - Corona                         Hexes                        1
   b - Ensorcelled Hibernation        Hexes/Ice                    2
   c - Confuse                        Hexes                        3
   d - Tukima's Dance                 Hexes                        3
   e - Dazzling Spray                 Conjuration/Hexes            3
Comestibles
 d - 5 bread rations


   Skills:
 + Level 3.1 Short Blades
 + Level 4.8 Dodging
 + Level 6.0 Stealth
 + Level 4.2 Spellcasting
 + Level 5.0 Hexes
 + Level 2.0 Evocations


You had 4 spell levels left.
You knew the following spells:

 Your Spells              Type           Power        Failure   Level  Hunger
a - Corona                Hex            ###....      1%          1    None
b - Confuse               Hex            ###.....     6%          3    ###....
c - Ensorcelled Hibernat  Hex/Ice        ##....       10%         2    ##.....
d - Tukima's Dance        Hex            ###.....     6%          3    ###....


Dungeon Overview and Level Annotations

Branches:
Dungeon (4/15)             Temple (1/1) D:4

Altars:
Ashenzari
Cheibriados
Dithmenos
Elyvilon
Fedhas
Gozag
Kikubaaqudgha
Makhleb
Nemelex Xobeh
Okawaru
Qazlal
Ru
Sif Muna
Trog
Vehumet
Xom
Yredelemnul
Zin
The Shining One

Shops:
D:4 (


Innate Abilities, Weirdness & Mutations

You are tiny and cannot use many weapons and most armour.
You have supernaturally acute eyesight.
You are a herbivore.
You cover ground extremely quickly.
You need consume almost no food.


Message History

You cannot move away from the malarious merfolk avatar!
The malarious merfolk avatar chants its luring song.
The giant newt completely misses you.
Unknown command.
The malarious merfolk avatar chants its luring song.
You cannot move away from the malarious merfolk avatar!
You cannot move away from the malarious merfolk avatar!
Unknown command.
You cannot move away from the malarious merfolk avatar!
Your unstable footing causes you to fumble your attack.
The malarious merfolk avatar chants its luring song.
The giant newt bites you but does no damage.
The drowned soul touches you. The drowned soul drowns you.
* * * LOW HITPOINT WARNING * * *
You barely miss the malarious merfolk avatar.
The malarious merfolk avatar is lightly wounded.
The malarious merfolk avatar chants its luring song.
The giant newt bites you but does no damage.
The drowned soul touches you. The drowned soul drowns you.
You die...

≈≈≈≈≈≈≈≈≈≈≈≈≈
≈≈≈≈≈≈≈≈≈≈≈≈ ≈≈≈≈≈≈≈≈≈≈≈
≈≈≈≈≈≈≈≈≈≈#######
≈≈≈≈≈≈≈≈≈.'.....+
≈≈≈≈≈≈≈≈†.#######
≈≈≈≈≈≈≈≈≈.# #..#
≈≈≈≈≈≈m≈l.# #†.#
≈≈≈≈≈≈≈@≈≈###..# ##
≈≈≈≈≈≈≈≈≈≈≈≈#..###### #≈
≈≈≈≈≈≈≈≈≈≈≈≈≈≈≈≈≈≈≈≈≈≈≈#
≈≈≈≈≈≈≈≈≈≈≈≈#..#########
≈≈≈≈≈≈≈≈≈≈###.†# #≈≈..†
≈≈≈≈≈≈≈≈≈≈# ##.## #≈≈###
≈≈≈≈≈≈≈≈≈## #..###..#
≈≈≈≈≈≈≈≈≈≈ ##...†.##
≈≈≈≈≈≈≈ #######


You could see a malarious merfolk avatar and a giant newt.

Vanquished Creatures
  A hound (D:4)
  An orc priest (D:3)
  An orc wizard (D:3)
  A siren (Sewer)
  A river rat (D:4)
  8 adders
  2 oozes
  6 worms
  4 giant geckos
  9 orcs (D:3)
  8 ball pythons
  10 bats
  3 giant cockroaches
  9 goblins
  7 hobgoblins
  11 jackals
  9 kobolds
  A quokka (D:3)
  13 giant newts
  33 rats
  A bush (D:1)
139 creatures vanquished.

Notes
Turn   | Place    | Note
--------------------------------------------------------------
     0 | D:1      | dearth the Spriggan Enchanter began the quest for the Orb.
     0 | D:1      | Reached XP level 1. HP: 9/9 MP: 5/5
   245 | D:1      | Reached XP level 2. HP: 13/13 MP: 6/6
  1236 | D:1      | Reached XP level 3. HP: 16/16 MP: 8/8
  1530 | D:2      | Found a blossoming altar of Fedhas.
  1566 | D:2      | Found a basalt altar of Yredelemnul.
  2070 | D:2      | Reached skill level 5 in Stealth
  2135 | D:2      | Reached XP level 4. HP: 18/21 MP: 10/10
  3242 | D:3      | Reached XP level 5. HP: 5/24 MP: 11/11
  4385 | D:4      | Learned a level 3 spell: Confuse
  4388 | D:4      | Learned a level 2 spell: Ensorcelled Hibernation
  4392 | D:4      | Learned a level 3 spell: Tukima's Dance
  4413 | D:4      | Reached skill level 1 in Evocations
  4416 | D:4      | Found Gichyar's Antique Weapon Shoppe.
  4502 | D:4      | Found a staircase to the Ecumenical Temple.
  4508 | Temple   | Entered the Ecumenical Temple
  4617 | Temple   | Became a worshipper of Ashenzari the Shackled
  5156 | D:4      | Reached XP level 6. HP: 12/28 MP: 13/13
  5158 | D:4      | Found a glowing drain.
  5162 | Sewer    | Entered a sewer
  5461 | Sewer    | Reached skill level 5 in Hexes
  5528 | Sewer    | Reached skill level 6 in Stealth
  5605 | Sewer    | Noticed a drowned soul
  5607 | Sewer    | Noticed a drowned soul
  5608 | Sewer    | Noticed a drowned soul
  5608 | Sewer    | Noticed a drowned soul
  5612 | Sewer    | Noticed a drowned soul
  5612 | Sewer    | Noticed a drowned soul
  5615 | Sewer    | Noticed a drowned soul
  5616 | Sewer    | Noticed a drowned soul
  5622 | Sewer    | Drowned by a drowned soul

Action                   |  1- 3 |  4- 6 || total
-------------------------+-------+-------++-------
Melee: Dagger            |   499 |   386 ||   885
Throw: Stone             |       |    14 ||    14
 Cast: Corona            |     3 |     2 ||     5
       Ensorcelled Hiber |       |    10 ||    10
  Use: Scroll            |     1 |       ||     1
 Stab: Sleeping          |    13 |    32 ||    45
       Distracted        |     1 |     1 ||     2
  Eat: Royal jelly       |       |     1 ||     1
       Fruit             |       |     3 ||     3
